 Dungeon Crawl Stone Soup version 0.20-a0-658-g02b20f4 (webtiles) character file.

1798 M4edhros the Covert (level 9, -3/53 HPs)
             Began as an Octopode Artificer on Feb 17, 2017.
             Was a Priest of Dithmenos.
             Splashed by a jelly's acid (9 damage)
             ... on level 8 of the Dungeon.
             The game lasted 00:10:27 (7310 turns).

M4edhros the Covert (Octopode Artificer)            Turns: 7310, Time: 00:10:27

Health: -3/53      AC: -3    Str: 12    XL:     9   Next: 9%
Magic:  11/11      EV: 16    Int: 13    God:    Dithmenos [***...]
Gold:   241        SH:  0    Dex: 13    Spells: 8/8 levels left

rFire    + . .     SeeInvis +   m - +3 short sword (curse)
rCold    . . .     Gourm    .   (no shield)
rNeg     . . .     Faith    .   (helmet restricted)
rPois    .         Spirit   .   C - amulet of regeneration
rElec    .         Reflect  .   h - -2 ring of dexterity (curse)
rCorr    .         Harm     .   n - +3 ring of evasion
MR       .....                  i - ring of protection from fire
Stlth    +++++++...             w - ring of flight
Regen    0.6/turn               x - ring of see invisible
MPRegen  0.2/turn               (no ring)
                                (no ring)
                                (no ring)

@: corroded, wreathed by umbra
A: almost no armour, stealthy swim, amphibious, 8 rings, constrict 8, fangs 1,
camouflage 1, mutation resistance 1, gelatinous body 1
a: Shadow Step, Renounce Religion, Evoke Flight


You were on level 8 of the Dungeon.
You worshipped Dithmenos.
Dithmenos was most pleased with you.
You were hungry.

You visited 2 branches of the dungeon, and saw 9 of its levels.

You collected 341 gold pieces.
You spent 100 gold pieces at shops.

Inventory:

Hand Weapons
 a - a +0 short sword
 j - a +1 hunting sling
 m - a cursed +3 short sword (weapon)
 o - a +0 hunting sling
 y - a +0 dagger of pain
Missiles
 g - 34 sling bullets
 k - 315 stones (quivered)
 A - 6 curare-tipped needles
Jewellery
 h - a cursed -2 ring of dexterity (left tentacle)
 i - a ring of protection from fire (on tentacle)
 n - a +3 ring of evasion (right tentacle)
 w - a ring of flight (on tentacle)
 x - a ring of see invisible (on tentacle)
 C - an amulet of regeneration (around mantle)
Wands
 c - a wand of enslavement (0/24)
 e - a wand of polymorph (0/24)
 r - a wand of disintegration (3/24)
 v - a wand of lightning (0/15)
Scrolls
 l - 3 scrolls of amnesia
 p - 5 scrolls of identify
 q - a scroll of magic mapping
 B - 3 scrolls of teleportation
Potions
 b - a potion of curing
 t - a potion of flight {unknown}
 z - 4 potions of haste {unknown}
Comestibles
 d - 3 meat rations
 f - a bread ration
 u - 7 fruits


   Skills:
 - Level 1.0 Fighting
 - Level 1.0 Short Blades
 * Level 9.1 Slings
 - Level 2.0 Dodging
 + Level 9.9 Stealth
 - Level 3.2 Evocations


You had 8 spell levels left.
You didn't know any spells.

Dungeon Overview and Level Annotations

Branches:
Dungeon (8/15)             Temple (1/1) D:5
   Lair: D:8-11

Altars:
Ashenzari
Cheibriados
Dithmenos
Fedhas
Gozag
Hepliaklqana
Kikubaaqudgha
Nemelex Xobeh
Okawaru
Qazlal
Trog
Xom

Shops:
D:4 *

Annotations:
D:6 Grinder
D:7 Joseph; M4edhros's ghost, novice OpAr


Innate Abilities, Weirdness & Mutations

You cannot wear most types of armour.
You are very stealthy in the water. (Stealth+)
You are amphibious.
You can wear up to eight rings at the same time.
You can use your tentacles to constrict eight enemies at once.
Your skin changes colour to match your surroundings (Stealth+).
Your rubbery body absorbs attacks. (AC +1, EV +1)
You have very sharp teeth.
You are somewhat resistant to further mutation.


Message History

You kill the crimson imp!
Dithmenos accepts your kill.
You hit the jelly. The acid corrodes you!
Your tentacles burn!
The jelly is lightly wounded.
The jelly hits you.
You are splashed with acid!
The acid burns!
* * * LOW HITPOINT WARNING * * *
You hit the jelly.
Your tentacles burn!
* * * LOW HITPOINT WARNING * * *
The jelly is heavily wounded.
The jelly barely misses you.
A worker ant comes into view.
The worker ant twitches its antennae in your direction.
You hit the jelly.
Your tentacles burn!
* * * LOW HITPOINT WARNING * * *
You squeeze the jelly.
The jelly is almost dead.
The jelly hits you.
* * * LOW HITPOINT WARNING * * *
You are splashed with acid!
The acid burns!
You die...

...............##
.............#...
...?....a.....#..
...............5.
####.............
###....†....#
###<###.#... #J#
.... #@# ..# #.#
.. ###.#####
#.)....<#
#..)....#
#.......#
#.......###
#...........
#........###


You could see a jelly and a worker ant.

Vanquished Creatures
  A hungry ghost (D:8)
  A swamp drake (D:5)
  2 ice beasts
  An ogre (D:4)
  A centaur (D:7)
  2 bullfrogs
  2 howler monkeys
  5 wights
  The ghost of M4edhros the Sneak, a weakling OpAr (D:4)
  5 crimson imps
  2 orc priests
  2 hounds
  3 jellies
  A bullfrog skeleton (D:6)
  A centaur skeleton (D:4)
  A worker ant (D:7)
  An orc wizard (D:3)
  A killer bee zombie (D:6)
  2 worker ant zombies
  9 adders
  A shadow imp (D:8)
  An ooze (D:3)
  2 adder zombies (D:5)
  2 adder skeletons
  4 worms
  A dart slug (D:1)
  3 leopard geckos
  11 orcs
  4 bats
  5 giant cockroaches
  8 goblins
  7 hobgoblins
  9 jackals
  14 kobolds
  3 quokkas
  2 frilled lizards (D:1)
  A leopard gecko skeleton (D:5)
  2 quokka skeletons
  7 rats
131 creatures vanquished.

Vanquished Creatures (collateral kills)
  An orc priest (D:3)
  An orc wizard (D:4)
  3 orcs (D:4)
5 creatures vanquished.

Vanquished Creatures (others)
  A gnoll (D:4)
1 creature vanquished.

Grand Total: 137 creatures vanquished

Notes
Turn   | Place    | Note
-------+----------+-------------------------------------------
     0 | D:1      | M4edhros the Octopode Artificer began the quest for the Orb.
     0 | D:1      | Reached XP level 1. HP: 13/13 MP: 3/3
   118 | D:2      | Reached XP level 2. HP: 13/18 MP: 4/4
   627 | D:2      | Found a shimmering altar of Xom.
   806 | D:4      | Reached XP level 3. HP: 23/23 MP: 5/5
   856 | D:5      | Entered Level 5 of the Dungeon
   856 | D:5      | Found a staircase to the Ecumenical Temple.
   864 | Temple   | Entered the Ecumenical Temple
  1105 | Temple   | Became a worshipper of Dithmenos the Shadowed
  1173 | D:4      | Noticed an ogre
  1178 | D:4      | Reached skill level 1 in Slings
  1360 | D:4      | Killed an ogre
  1360 | D:4      | Reached skill level 5 in Stealth
  1360 | D:4      | Reached XP level 4. HP: 28/28 MP: 6/6
  1360 | D:4      | Reached XP level 5. HP: 33/33 MP: 7/7
  1373 | D:4      | Gained mutation: Your spells are a little harder to cast, but a little more powerful. [potion of mutation]
  1373 | D:4      | Gained mutation: You have very sharp teeth. [potion of mutation]
  2084 | D:1      | Lost mutation: Your spells are a little harder to cast, but a little more powerful. [potion of mutation]
  2084 | D:1      | Gained mutation: You are agile. (Dex +2) [potion of mutation]
  2084 | D:1      | Gained mutation: You are partially covered in rugged brown scales. (AC +1, +3% HP) [potion of mutation]
  2084 | D:1      | Gained mutation: Your mind is acute. (Int +2) [potion of mutation]
  2376 | D:1      | Reached * piety under Dithmenos
  2685 | D:2      | Found a blossoming altar of Fedhas.
  2687 | D:2      | Found an opulent altar of Gozag.
  3042 | D:3      | Reached XP level 6. HP: 35/39 MP: 8/8
  3630 | D:4      | Noticed M4edhros's ghost (weakling OpAr)
  3645 | D:4      | Killed M4edhros's ghost
  3803 | D:4      | Found Moup's General Store.
  3816 | D:4      | Bought 2 potions of heal wounds for 100 gold pieces
  4498 | D:3      | Reached ** piety under Dithmenos
  4605 | D:3      | Reached skill level 5 in Slings
  4605 | D:3      | Reached XP level 7. HP: 42/44 MP: 9/9
  5033 | D:5      | Lost mutation: Your mind is acute. (Int +2) [potion of mutation]
  5033 | D:5      | Lost mutation: You have very sharp teeth. [potion of mutation]
  5033 | D:5      | Lost mutation: You are agile. (Dex +2) [potion of mutation]
  5033 | D:5      | Lost mutation: You are partially covered in rugged brown scales. (AC +1, +3% HP) [potion of mutation]
  5033 | D:5      | Gained mutation: You have very sharp teeth. [potion of mutation]
  5033 | D:5      | Gained mutation: You are somewhat resistant to further mutation. [potion of mutation]
  5905 | D:6      | Noticed Grinder
  5906 | D:6      | Reached XP level 8. HP: 15/48 MP: 10/10
  6652 | D:6      | Reached *** piety under Dithmenos
  6668 | D:7      | Noticed M4edhros's ghost (novice OpAr)
  6670 | D:7      | Noticed Joseph
  6996 | D:7      | Noticed a hippogriff
  7265 | D:8      | Noticed a two-headed ogre
  7297 | D:8      | Reached XP level 9. HP: 25/53 MP: 11/11
  7310 | D:8      | Splashed by a jelly's acid

Vault maps used:
D:1:      dpeg_arrival_snail
D:2:      xom_teletrap_fun, nicolae_overflow_hidden_temple, first_bread,
          minmay_close_crescents
D:4:      serial_shops, shop
D:5:      minmay_temple_entry_trees, fountainhead
D:6:      nicolae_overflow_crystal_walls, kennysheep_little_box, uniq_grinder
D:7:      lemuel_doored_altar, marbit_many_paths, uniq_menkaure,
          uniq_prince_ribbit1, uniq_joseph
D:8:      grunt_lair_entry_orc_guard_hut
Temple:   nicolae_temple_figure_zero

Skill      XL: |  1  2  3  4  5  6  7  8 |
---------------+-------------------------+-----
Stealth        | 2 4 5 6 8 9 |  9.9
Slings         | 2 3 5 6 9 |  9.1
Fighting       | |  1.0
Short Blades   | |  1.0
Dodging        | |  2.0
Evocations     | |  3.2

Action                   |  1- 3 |  4- 6 |  7- 9 || total
-------------------------+-------+-------+-------++-------
Melee: Short sword       |    56 |   163 |   245 ||   464
       Constrict         |    15 |    34 |    31 ||    80
       Tentacles         |     5 |    22 |    38 ||    65
       Bite              |       |    17 |    18 ||    35
Evoke: Wand              |     3 |     4 |    16 ||    23
  Use: Scroll            |     1 |     4 |     7 ||    12
       Potion            |       |     5 |     9 ||    14
 Stab: Sleeping          |     6 |    11 |     9 ||    26
       Distracted        |       |       |     4 ||     4
  Eat: Chunk             |     1 |     6 |     9 ||    16
       Bread ration      |       |     1 |     1 ||     2
       Royal jelly       |       |       |     1 ||     1
Armor: Skin              |    12 |    11 |    65 ||    88
Dodge: Dodged            |    47 |   110 |   197 ||   354
